 Dungeon Crawl Stone Soup version 0.31.0-9-g3a7656b989 (webtiles) character file.

Game seed: 12305331143146152888

84 qw the Shooter (level 4, -1/22 HPs)
             Began as a Spriggan Hunter on Feb 2, 2024.
             Killed from afar by an orc wizard (7 damage)
             ... with a magic dart
             ... on level 3 of the Dungeon.
             The game lasted 00:00:04 (1294 turns).

qw the Shooter (Spriggan Hunter)                    Turns: 1294, Time: 00:00:05

Health: -1/22      AC:  2    Str:  7    XL:     4   Next: 23%
Magic:  5/5        EV: 19    Int: 10    God:
Gold:   159        SH:  0    Dex: 20    Spells: 3/3 levels left

rFire   . . .        a - +1 shortbow
rCold   . . .        (shield currently unavailable)
rNeg    . . .        c - +0 robe
rPois   .            (helmet restricted)
rElec   .            (no cloak)
rCorr   .            (gloves unavailable)
SInv    +            (boots unavailable)
Will    .....        (no amulet)
Stlth   ++           (no ring)
HPRegen 0.23/turn    (no ring)
MPRegen 0.09/turn

%: no passive effects
@: very quick
A: very small, no large weapons, unfitting armour, see invisible, speed 3
a: no special abilities


You were on level 3 of the Dungeon.
You visited 1 branch of the dungeon, and saw 3 of its levels.

You collected 159 gold pieces.


Innate Abilities, Weirdness & Mutations

You are very small and have problems with some larger weapons.
You are too small for most types of armour.
You have supernaturally acute eyesight. (SInv)
You cover ground extremely quickly. (Speed+++)


   Skills:
 - Level 1.5 Fighting
 - Level 5.0 Ranged Weapons
 + Level 4.5 Dodging
 - Level 1.5 Stealth


You had 3 spell levels left.
You didn't know any spells.
Your spell library was empty.

Inventory:

Hand Weapons
 a - a +1 shortbow (weapon)
Armour
 c - a +0 robe (worn)
Jewellery
 f - a ring of fire
 g - a ring of fire
Scrolls
 b - a scroll of noise {unknown}
 e - a scroll of enchant armour
 i - a scroll of teleportation {unknown}
Potions
 d - 5 potions of curing
 h - a potion of might
 j - a potion of haste
 m - a potion of attraction {unknown}

Dungeon Overview and Level Annotations

Branches:
Dungeon (3/15)

Altars:
Elyvilon


Message History

You shoot an arrow. The arrow barely misses the orc priest.
A goblin comes into view. It is wielding a +0 dagger.
The orc priest hits you with a +0 short sword.
You shoot an arrow.
The arrow closely misses the orc wizard.
The arrow hits the orc.
The orc is moderately wounded.
The orc wizard hits you with a +0 dagger.
The orc priest hits you with a +0 short sword.
You shoot an arrow. The arrow hits the orc wizard.
The orc wizard is severely wounded.
The orc wizard casts a spell at you.
You easily resist.
The orc priest hits you with a +0 short sword.
The orc priest hits you but does no damage.
The orc wizard closely misses you. The orc closely misses you.
You shoot an arrow. The arrow barely misses the orc wizard.
The orc wizard closely misses you. The orc completely misses you.
The orc priest begins to cast a cantrip, but forgets the words!
You shoot an arrow.
The arrow closely misses the orc wizard.
The orc wizard hits you with a +0 dagger.
The orc barely misses you. The orc priest misses you.
You shoot an arrow.
The arrow hits the orc wizard but does no damage.
The orc wizard is severely wounded.
The orc wizard barely misses you. The orc completely misses you.
The orc priest completely misses you.
You shoot an arrow. The arrow hits the orc wizard.
The orc wizard is almost dead.
The orc wizard gestures at you while chanting.
The magic dart hits you. The orc closely misses you.
The orc priest closely misses you.
You shoot an arrow.
The arrow closely misses the orc wizard.
The arrow hits the goblin!
You kill the goblin!
The orc wizard casts a spell at you. The magic dart hits you!
You die...

#############
..##.......#
#.##.#####.#
####.##.#####.# . #
#..........##.#
.$#.#.#.#.##.##.##.#
..... ##..##.##..#.#
#...#o..##.......#
#..)o@########.###
#...o.# #.# ...
).......# #.# ...
###...$.# #.# ...
#.....# #.# #.#
####### #.# #.# #.#
##.## ###.#
####...### #...#


You could see an orc priest, an orc wizard (invisible) and an orc.

Vanquished Creatures
  3 adders (D:2)
  A ribbon worm (D:2)
  3 dart slugs
  2 orcs (D:3)
  2 endoplasms
  2 giant cockroaches (D:2)
  8 goblins
  7 hobgoblins
  3 quokkas
  3 ball pythons
  3 bats
  2 frilled lizards (D:1)
  2 kobolds
  A rat (D:2)
42 creatures vanquished.

Notes
Turn   | Place    | Note
-------+----------+-------------------------------------------
     0 | D:1      | qw the Spriggan Hunter began the quest for the Orb.
     0 | D:1      | Reached XP level 1. HP: 10/10 MP: 2/2
     0 | D:1      | 0 ||| qw: Version: 0.3-a-155-g5e7d8dd
     0 | D:1      | 0 ||| qw: Game counter: 1046
     0 | D:1      | 0 ||| qw: Melee chars always use a shield: true
     0 | D:1      | 0 ||| qw: God list: Okawaru
     0 | D:1      | 0 ||| qw: Allow faded altars: false
     0 | D:1      | 0 ||| qw: Do Orc after clearing Dungeon:15 true
     0 | D:1      | 0 ||| qw: Do second Lair branch before Depths: true
     0 | D:1      | 0 ||| qw: Lair rune preference: random
     0 | D:1      | 0 ||| qw: Goals: Normal
     0 | D:1      | 0 ||| PLANNING D:1-11
    30 | D:1      | Reached skill level 3 in Dodging
    68 | D:1      | Reached XP level 2. HP: 14/14 MP: 3/3
   548 | D:1      | 548 ||| READING scroll labelled UTAEFR LEFU.
   548 | D:1      | 548 ||| IDENTIFYING puce potion
   549 | D:1      | 549 ||| READING 2 scrolls labelled CAOZILESHRY.
   549 | D:1      | 549 ||| ENCHANTING +0 shortbow.
   550 | D:1      | 550 ||| READING scroll labelled ZAIPIGYNTI.
   550 | D:1      | 550 ||| ENCHANTING +0 shortbow.
   551 | D:1      | 551 ||| READING scroll labelled TEYSAORPHYU.
   552 | D:1      | 552 ||| READING scroll labelled GEGUZU SOIJUES.
   577 | D:1      | 577 ||| READING scroll labelled SIHIHU DERCHORCH.
   578 | D:1      | 578 ||| DROPPING scroll of butterflies.
   648 | D:2      | Reached XP level 3. HP: 18/18 MP: 4/4
   831 | D:2      | Reached skill level 5 in Ranged Weapons
   919 | D:2      | Reached XP level 4. HP: 22/22 MP: 5/5
  1151 | D:2      | 1151 ||| READING 2 scrolls of identify.
  1151 | D:2      | 1151 ||| IDENTIFYING lumpy white potion
  1152 | D:2      | 1152 ||| READING scroll of identify.
  1152 | D:2      | 1152 ||| IDENTIFYING clear potion
  1153 | D:2      | 1153 ||| DRINKING 4 viscous red potions.
  1154 | D:2      | 1154 ||| DROPPING potion of degeneration.
  1174 | D:3      | Found a white marble altar of Elyvilon.
  1294 | D:3      | Killed from afar by an orc wizard

Levels and vault maps discovered:
D:1:      dpeg_arrival_rhombus, layout_basic, chequers_serial_rivers_large_a,
          minmay_unequal
D:2:      layout_loops_ring, minmay_misc_feat_iff, minmay_goblin_outpost,
          uniq_crazy_yiuf_cottage
D:3:      layout_loops_cross, mainiacjoe_overflow_alcove_4

Skill      XL: |  1  2  3 |
---------------+----------+-----
Dodging        | 3 4 |  4.5
Ranged Weapons | 5 |  5.0
Fighting       | |  1.5
Stealth        | |  1.5

Action                     |  1- 3 |  4- 6 || total
---------------------------+-------+-------++-------
   Fire: Shortbow          |    85 |    28 ||   113
    Use: Scroll            |     6 |     2 ||     8
         Potion            |       |     1 ||     1
 Armour: Robe              |     3 |     8 ||    11
  Dodge: Dodged            |    24 |    15 ||    39

Table legend:
 A = Non-vault XP
 B = Vault XP
 C = Vault XP percentage of total XP
 D = Non-vault monster count
 E = Vault monster count
 F = Vault count percentage of total count
                 A         B        C        D         E       F
            +---------+---------+-------+---------+---------+-------
      Total |     110 |      12 |   9.8 |      36 |       6 |  14.3
            +---------+---------+-------+---------+---------+-------
        D:1 |      20 |       4 |  16.7 |      12 |       2 |  14.3
        D:2 |      78 |       8 |   9.3 |      19 |       4 |  17.4
        D:3 |      12 |       0 |   0.0 |       5 |       0 |   0.0
            +---------+---------+-------+---------+---------+-------
